[Event "*** Titled Tuesday Blitz"]
[Site "Chess.com"]
[Date "2021.03.02"]
[Round "6"]
[White "Piccadilly123"]
[Black "Mihnea2017"]
[Result "0-1"]
[WhiteElo "2255"]
[BlackElo "2446"]
[TimeControl "180+1"]
[EndTime "11:05:09 PST"]
[Termination "Mihnea2017 won by resignation"]

1. e4 d6 2. d4 Nf6 3. Nc3 g6 4. f3 Bg7 5. Be3 c6 6. Qd2 b5 7. h4 h5 8. a3 Nbd7 9. d5 cxd5 10. exd5 a6 11. Nge2 Bb7 12. Nd4 Nxd5 13. Nxd5 Bxd5 14. Nxb5 Bb7 15. Bd4 Ne5 16. f4 O-O 17. Nc3 Ng4 18. Bxg7 Kxg7 19. O-O-O Qb6 20. Qd4+ Qxd4 21. Rxd4 Ne3 22.
Rd2 Rac8 23. Rh3 Nxf1 24. Rf2 Rc4 25. Rd3 Nh2 0-1

[Event "*** Titled Tuesday Blitz"]
[Site "Chess.com"]
[Date "2021.03.02"]
[Round "6"]
[White "exoticprincess"]
[Black "DLR7"]
[Result "1-0"]
[WhiteElo "2983"]
[BlackElo "2629"]
[TimeControl "180+1"]
[EndTime "11:05:12 PST"]
[Termination "exoticprincess won by resignation"]

1. d4 Nf6 2. Nc3 d5 3. Bf4 c5 4. e3 e6 5. Nb5 Na6 6. c3 Qb6 7.
a4 Bd7 8. Nf3 Be7 9. Ne5 O-O 10.
Nxd7 Nxd7 11. Bd3 Nf6 12. O-O Ne8 13. Re1 Nd6 14. a5 Qc6 15. Qa4 Rfd8 16. Nxd6 Qxa4 17.
Rxa4 Bxd6 18. Bxa6 Bxf4 19. exf4 bxa6 20. dxc5 Rab8 21.
Re2 Rb5 22. b4 d4 23. Rd2 d3 24. f3 f6 25. Kf2 e5 26. fxe5 fxe5 27. Ke3 1-0

[Event "*** Titled Tuesday Blitz"]
[Site "Chess.com"]
[Date "2021.03.02"]
[Round "6"]
[White "annamaja"]
[Black "anskam"]
[Result "1-0"]
[WhiteElo "2373"]
[BlackElo "1779"]
[TimeControl "180+1"]
[EndTime "11:05:12 PST"]
[Termination "annamaja won by resignation"]

1. e4 c5 2. Nf3 d6 3. d4 cxd4 4.
Nxd4 Nf6 5. Nc3 a6 6. Be2 e5 7. Nb3 Be6 8. O-O Qc7 9. Kh1 Be7 10. f4 exf4 11. Bxf4 Nbd7 12. Qe1 Ne5 13. Nd4 O-O 14.
Nf5 Bxf5 15. exf5 Rac8 16. Qg3 b5 17. Bg5 Nc4 18. Bh6 g6 19. fxg6 fxg6 20. Bxf8 Rxf8 21. Bd3 Kg7 22. Ne4 Nxe4 23. Bxe4 Nxb2 24. Rxf8 Bxf8 25. Rf1 Nc4 26. Qc3+ Ne5 27. Qxc7+ 1-0

[Event "*** Titled Tuesday Blitz"]
[Site "Chess.com"]
[Date "2021.03.02"]
[Round "6"]
[White "bazar-wokzal"]
[Black "Fraler15"]
[Result "1-0"]
[WhiteElo "2513"]
[BlackElo "2277"]
[TimeControl "180+1"]
[EndTime "11:05:20 PST"]
[Termination "bazar-wokzal won by resignation"]

1. e4 c5 2. c3 Nf6 3. e5 Nd5 4. d4 cxd4 5. cxd4 e6 6. Nc3 Nxc3 7. bxc3 Qc7 8. Bd2 b6 9. f4 Ba3 10. Qb3 Be7 11. Nf3 Bb7 12. Be2 O-O 13. h4 Nc6 14.
Qb1 Na5 15. Ng5 g6 16. Qd3 Rac8 17. h5 Nc4 18. Nxh7 Nxd2 19. Kxd2 f5 20. hxg6 Kg7 21. Qh3 Rh8 22. Qh6+ Kg8 23. Rac1 Qxc3+ 24. Rxc3 1-0

[Event "*** Titled Tuesday Blitz"]
[Site "Chess.com"]
[Date "2021.03.02"]
[Round "6"]
[White "HanSchut"]
[Black "Nikolaj_6"]
[Result "0-1"]
[WhiteElo "2224"]
[BlackElo "2672"]
[TimeControl "180+1"]
[EndTime "11:05:20 PST"]
[Termination "Nikolaj_6 won by resignation"]

1. e4 c5 2. Nf3 d6 3. d4 cxd4 4.
Nxd4 Nf6 5. f3 e5 6. Bb5+ Nbd7 7.
Nf5 d5 8. exd5 a6 9. Ba4 b5 10. Bb3 Nc5 11. Ne3 Bb7 12. O-O Nxb3 13. axb3 Bc5 14.
Nc3 Nxd5 15. Nxd5 Qxd5 16. Kh1 Qe6 17. Qe2 O-O 18. Bd2 f5 19. Bc3 Rae8 20. Rad1 f4 21. Ng4 e4 22. fxe4 Bxe4 23. Rde1 Qf5 24. Ne3 Bxe3 0-1

[Event "*** Titled Tuesday Blitz"]
[Site "Chess.com"]
[Date "2021.03.02"]
[Round "6"]
[White "Natalya_Buksa"]
[Black "Rsnr"]
[Result "0-1"]
[WhiteElo "2503"]
[BlackElo "2783"]
[TimeControl "180+1"]
[EndTime "11:05:23 PST"]
[Termination "Rsnr won by checkmate"]

1. d4 Nf6 2. Nc3 d5 3. Bf4 e6 4.
e3 Bb4 5. Bd3 c5 6. dxc5 Nbd7 7.
Nf3 O-O 8. Bd6 Re8 9. a3 Bxc5 10. Bxc5 Nxc5 11. O-O b6 12. Bb5 Bd7 13. Bxd7 Qxd7 14. Ne2 Rac8 15. Rc1 Qb5 16. b3 Nce4 17. Qd3 Qa5 18. b4 Qa4 19. c4 dxc4 20. Rxc4 Rxc4 21. Qxc4 Qxa3 22. Ned4 h6 23. Nb5 Qa4 24. h3 Nd5 25. Nxa7 Qxb4 26. Qxb4 Nxb4 27. Rb1 Nd5 28. Nb5 Ra8 29.
Nbd4 Ra2 30. Ne5 Nxf2 31. Nc4 Ne4 32. Nxb6 Nxe3 33. Nd7 Rxg2+ 34. Kh1 Ng3# 0-1

[Event "*** Titled Tuesday Blitz"]
[Site "Chess.com"]
[Date "2021.03.02"]
[Round "6"]
[White "carloseduar100"]
[Black "Mbneu"]
[Result "0-1"]
[WhiteElo "2091"]
[BlackElo "2295"]
[TimeControl "180+1"]
[EndTime "11:05:25 PST"]
[Termination "Mbneu won by checkmate"]

1. e4 c5 2. Nf3 Nf6 3. e5 Nd5 4. Nc3 Nxc3 5. dxc3 Nc6 6. Bc4 e6 7. O-O d5 8. exd6 Bxd6 9. h3 Qc7 10. Be3 b6 11.
Qe2 Bb7 12. Rad1 O-O 13. Ng5 h6 14. Nxe6 fxe6 15. Bxh6 Ne5 16. Bxe6+ Kh7 17. Bg5 g6 18. f4 Rae8 19. fxe5 Rxe6 20. Rxf8 Bxf8 21. Qg4 Qc6 22.
Qh4+ Kg8 23. Bf6 Qxg2# 0-1

[Event "*** Titled Tuesday Blitz"]
[Site "Chess.com"]
[Date "2021.03.02"]
[Round "6"]
[White "Firouzja2003"]
[Black "Aygehovit1992"]
[Result "1-0"]
[WhiteElo "3128"]
[BlackElo "2633"]
[TimeControl "180+1"]
[EndTime "11:05:27 PST"]
[Termination "Firouzja2003 won by checkmate"]

1. d4 Nf6 2. Bg5 Ne4 3. Bf4 d5 4. f3 Nf6 5. Nc3 e6 6. e4 Bb4 7.
Bd3 c5 8. dxc5 Nbd7 9. Ne2 Nxc5 10. O-O dxe4 11. fxe4 Ba5 12. Bg5 h6 13. Bxf6 gxf6 14. Kh1 a6 15. Ng3 h5 16. Nxh5 Qd6 17. Qf3 Bd8 18. Qh3 Qf8 19. Rad1 Bd7 20. Be2 Be7 21. Qg3 O-O-O 22. b4 Na4 23. Nxa4 Bxa4 24. Rd3 Rxd3 25.
cxd3 Bc6 26. d4 Bxb4 27. d5 exd5 28. exd5 Bxd5 29. Rc1+ Bc6 30. Bg4+ f5 31. Bxf5+ Kd8 32.
Rd1+ Ke7 33. Qe5# 1-0

[Event "*** Titled Tuesday Blitz"]
[Site "Chess.com"]
[Date "2021.03.02"]
[Round "6"]
[White "Azeryahu"]
[Black "MITerryble"]
[Result "1/2-1/2"]
[WhiteElo "2734"]
[BlackElo "2919"]
[TimeControl "180+1"]
[EndTime "11:05:28 PST"]
[Termination "Game drawn by repetition"]

1. d4 e6 2. e4 d5 3. exd5 exd5 4. Nf3 Nc6 5. Bb5 Bd6 6. c4 dxc4 7. d5 a6 8. Ba4 b5 9. dxc6 bxa4 10. O-O Ne7 11.
Qxa4 O-O 12. Nbd2 Rb8 13. a3 c3 14. bxc3 Qe8 15. Nc4 Qxc6 16. Qxc6 Nxc6 17. Nxd6 cxd6 18. Bf4 Rd8 19. Rfd1 Rb3 20. Bxd6 Rxc3 21. Ne5 Re8 22. Nxc6 Rxc6 23. Rac1 Rxc1 24. Rxc1 f6 25. f3 Bf5 26.
Kf2 Bd3 27. Re1 Rd8 28. Bb4 Rd7 29. Rd1 Kf7 30. Ke3 Bb5 31. Rxd7+ Bxd7 32. h4 h5 33. Kf4 Ke6 34. Bf8 g6 35. Bb4 Bb5 36. Bc3 Bf1 37. g4 Be2 38. gxh5 gxh5 39. Bb2 Bd1 40. Bc3 Be2 41. Bb2 Bd1 42. Bc3 Be2 1/2-1/2

[Event "*** Titled Tuesday Blitz"]
[Site "Chess.com"]
[Date "2021.03.02"]
[Round "6"]
[White "sau6on"]
[Black "Sergey85Rodchenkov"]
[Result "1/2-1/2"]
[WhiteElo "2582"]
[BlackElo "2476"]
[TimeControl "180+1"]
[EndTime "11:05:30 PST"]
[Termination "Game drawn by repetition"]

1. e4 c5 2. Nf3 d6 3. d4 cxd4 4. Nxd4 Nf6 5. Nc3 a6 6. Bc4 e6 7. a4 Be7 8. O-O O-O 9. Be3 Qc7 10. Qe2 Nbd7 11. g4 Ne5 12. Bb3 Nexg4 13. Bg5 Qc5 14. Nf3 Ne5 15. Be3 Nxf3+ 16. Qxf3 Qh5 17. Qg3 Bd7 18. f3 Qg6 19. Kf2 Nh5 20. Qxg6 hxg6 21. a5 Rfc8 22. Na4 Bxa4 23. Rxa4 Nf6 24. Rb4 Rc7 25. Bb6 Rcc8 26. Be3 Rc7 27. Bb6 Rcc8 28.
Be3 1/2-1/2

[Event "*** Titled Tuesday Blitz"]
[Site "Chess.com"]
[Date "2021.03.02"]
[Round "6"]
[White "Rytenko_V"]
[Black "MarcLonoff"]
[Result "1-0"]
[WhiteElo "2380"]
[BlackElo "2128"]
[TimeControl "180+1"]
[EndTime "11:05:30 PST"]
[Termination "Rytenko_V won by resignation"]

1. d4 e6 2. c4 Bb4+ 3. Bd2 Qe7 4. Nf3 Nf6 5. Nc3 Bxc3 6. Bxc3 Ne4 7. Qc2 Nxc3 8.
Qxc3 O-O 9. e4 d6 10. Bd3 Nc6 11. e5 dxe5 12. dxe5 Qb4 13. Qxb4 Nxb4 14. Be4 Rb8 15. a3 Na6 16. b4 c5 17. b5 Nc7 18. O-O-O b6 19. Rd2 f5 20. exf6 gxf6 21. Rhd1 f5 22. Bc6 Ne8 23. Rd8 Nf6 24. Ne5 Bb7 25. Rxf8+ Kxf8 26. Nd7+ Nxd7 27. Rxd7 Bxc6 28. bxc6 Rc8 29. c7 1-0

[Event "*** Titled Tuesday Blitz"]
[Site "Chess.com"]
[Date "2021.03.02"]
[Round "6"]
[White "CM_rui"]
[Black "arminmusovic"]
[Result "0-1"]
[WhiteElo "2350"]
[BlackElo "2542"]
[TimeControl "180+1"]
[EndTime "11:05:32 PST"]
[Termination "arminmusovic won by resignation"]

1. e4 c6 2. d4 d5 3. Nc3 dxe4 4. Nxe4 Nf6 5. Nxf6+ exf6 6. Nf3 Bd6 7. Bd3 Bg4 8. O-O O-O 9. h3 Bh5 10. c3 Re8 11.
Be3 Nd7 12. Rc1 Nf8 13. Re1 Rc8 14. Be2 Bb8 15. Nd2 Bg6 16. Nf3 Qc7 17. Qd2 Be4 18. c4 g5 19. d5 Rcd8 20. Qd4 f5 21. Qf6 Bxf3 22. Qxg5+ Ng6 23. Bxf3 Qh2+ 24. Kf1 f4 25. dxc6 fxe3 26. Rxe3 Bf4 27. Rxe8+ Rxe8 0-1

[Event "*** Titled Tuesday Blitz"]
[Site "Chess.com"]
[Date "2021.03.02"]
[Round "6"]
[White "Supernotar"]
[Black "lagedema"]
[Result "1-0"]
[WhiteElo "2691"]
[BlackElo "2521"]
[TimeControl "180+1"]
[EndTime "11:05:33 PST"]
[Termination "Supernotar won on time"]

1. d4 c6 2. c4 d5 3. e3 Nf6 4. Bd3 Bg4 5. Qc2 e6 6. Nd2 Nbd7 7. Ngf3 Bd6 8. O-O O-O 9. b3 Qe7 10. Bb2 Bxf3 11. Nxf3 dxc4 12. Bxc4 e5 13. dxe5 Nxe5 14.
Nxe5 Bxe5 15. Rad1 Rfd8 16. h3 a5 17. a4 Bxb2 18. Qxb2 Ne4 19. Qc2 Qe5 20. Rxd8+ Rxd8 21. Rd1 Rxd1+ 22. Qxd1 Qe7 23. Qd4 g6 24. Qb6 Qf6 25. f3 Qa1+ 26. Kh2 Qe5+ 27. f4 Qe7 28. Qxa5 h5 29. Qe5 Qxe5 30. fxe5 Nd2 31. Kg3 1-0

[Event "*** Titled Tuesday Blitz"]
[Site "Chess.com"]
[Date "2021.03.02"]
[Round "6"]
[White "Chesswizard_2007"]
[Black "Gerryisplaying"]
[Result "1-0"]
[WhiteElo "2710"]
[BlackElo "2234"]
[TimeControl "180+1"]
[EndTime "11:05:34 PST"]
[Termination "Chesswizard_2007 won by resignation"]

1. f4 d5 2. Nf3 Bg4 3. Ne5 Bh5 4. c4 f6 5. Qa4+ c6 6. Nd3 Nd7 7. cxd5 Nb6 8. Qb3 Qxd5 9. Qxd5 cxd5 10. Nc3 e6 11. a4 a6 12. g3 Bg6 13. Bg2 Bxd3 14. exd3 Bc5 15. a5 Nd7 16. Na4 Bd4 17. Ra3 Rc8 18.
Ke2 Nc5 19. Nxc5 Rxc5 20. Rb3 Rc7 21. Rb4 Bc5 22. Ra4 Ne7 23. b4 Bd6 24. Bb2 Nc6 25. Bc3 d4 26. Bxc6+ Rxc6 27. Bxd4 O-O 28. Bc3 Re8 29.
Kf3 e5 30. Re1 Kf7 31. f5 Rd8 32. Re3 Bb8 33. Ke2 Ba7 34. Rf3 Rcd6 35. Ra1 Bd4 36. Rc1 Ke7 37. h4 Ba7 38. b5 axb5 39. Bb4 Kf7 40. Bxd6 Rxd6 41. Rc7+ 1-0

[Event "*** Titled Tuesday Blitz"]
[Site "Chess.com"]
[Date "2021.03.02"]
[Round "6"]
[White "GoltsevDmitry2000"]
[Black "Ekose"]
[Result "1-0"]
[WhiteElo "2740"]
[BlackElo "2530"]
[TimeControl "180+1"]
[EndTime "11:05:36 PST"]
[Termination "GoltsevDmitry2000 won by checkmate"]

1. e4 e6 2. Nf3 d5 3. exd5 exd5 4.
d4 Bg4 5. Bd3 Bd6 6. O-O Ne7 7.
Re1 Nc6 8. h3 Bh5 9. Nc3 Nb4 10.
Nb5 Nxd3 11. Nxd6+ Qxd6 12. Qxd3 Bxf3 13. Qxf3 O-O 14.
a4 Rfe8 15. b3 Qd7 16. Bf4 c6 17. c3 Ng6 18. Bg3 Rxe1+ 19. Rxe1 Re8 20. Qd1 Rxe1+ 21. Qxe1 f6 22. Qe3 Kf7 23. Qf3 Qe6 24. Kh2 Ne7 25.
Qh5+ Ng6 26. Qxh7 Qe2 27. h4 Qd1 28. h5 Nf8 29. Qh8 Qxb3 30. Bd6 Ne6 31. Qc8 Ng5 32. g4 Qd1 33. Qf8+ Ke6 34. Qe7# 1-0

[Event "*** Titled Tuesday Blitz"]
[Site "Chess.com"]
[Date "2021.03.02"]
[Round "6"]
[White "Unknown_IM"]
[Black "WiktoriaPOL"]
[Result "1-0"]
[WhiteElo "2375"]
[BlackElo "2044"]
[TimeControl "180+1"]
[EndTime "11:05:37 PST"]
[Termination "Unknown_IM won on time"]

1. e4 c5 2. Nf3 d6 3. c3 Nf6 4.
Be2 Nc6 5. d4 cxd4 6. cxd4 Nxe4 7. d5 Qa5+ 8. Nc3 Nxc3 9. bxc3 Ne5 10. O-O Nxf3+ 11. Bxf3 Bf5 12. Re1 g6 13. Qd4 Rg8 14. Bg5 Qc5 15. Qh4 O-O-O 16. Bxe7 Bxe7 17. Rxe7 Rge8 18. Rae1 Bd7 19. h3 Qxc3 20. R1e3 Qc1+ 21. Kh2 Kb8 22. Rxd7 Qc8 23. Rxf7 Rxe3 24. fxe3 Re8 25. Qf4 Qc5 26. Rxh7 1-0

[Event "*** Titled Tuesday Blitz"]
[Site "Chess.com"]
[Date "2021.03.02"]
[Round "6"]
[White "Snowflake"]
[Black "andriipalchuk"]
[Result "0-1"]
[WhiteElo "2352"]
[BlackElo "2546"]
[TimeControl "180+1"]
[EndTime "11:05:38 PST"]
[Termination "andriipalchuk won by checkmate"]

1. d4 d5 2. Nc3 Nf6 3. Bf4 c5 4. e3 cxd4 5. exd4 a6 6. Nf3 Nc6 7. Bd3 Bg4 8. Be2 e6 9. O-O Bd6 10. Ne5 Bxe2 11. Qxe2 Nxd4 12. Qd3 Nc6 13. Nxc6 bxc6 14.
Bxd6 Qxd6 15. Ne2 O-O 16. Rad1 a5 17. c4 Qb4 18. cxd5 cxd5 19. b3 Rfc8 20. Rc1 a4 21. Nd4 axb3 22. axb3 h6 23. Nc6 Qb7 24. Ne5 Rab8 25.
Rxc8+ Rxc8 26. h3 Qc7 27. Nf3 Qc3 28. Qb5 Qc6 29. Qd3 Qb6 30. g3 Ne4 31. Kg2 Rc3 32. Qd4 Qxb3 33. Ne5 Rc2 34. Kg1 Nxg3 35. Qa7 Ne2+ 36.
Kh1 Qxh3# 0-1

[Event "*** Titled Tuesday Blitz"]
[Site "Chess.com"]
[Date "2021.03.02"]
[Round "6"]
[White "AlexPapasimakopoulos"]
[Black "MelihKaanCan"]
[Result "1-0"]
[WhiteElo "2592"]
[BlackElo "2393"]
[TimeControl "180+1"]
[EndTime "11:05:39 PST"]
[Termination "AlexPapasimakopoulos won on time"]

1. d4 Nf6 2. c4 c5 3. d5 e6 4. Nc3 exd5 5. cxd5 d6 6. Nf3 g6 7. Bf4 Bg7 8. Qa4+ Bd7 9. Qb3 Bc8 10. e4 O-O 11. Be2 Na6 12. Nd2 Nc7 13. a4 Re8 14.
O-O b6 15. Rfe1 h6 16. h3 Bd7 17. Bxd6 Rc8 18. e5 Nh7 19. f4 g5 20. Bc4 gxf4 21.
Bxc7 Rxc7 22. d6 Rc8 23. Bxf7+ Kh8 24. Bxe8 Bxe8 25. Nf3 Ng5 26. Nd5 Bc6 27. Rad1 Nxf3+ 28. Qxf3 Qg5 29. Qxf4 Qg6 30. Qg4 1-0

[Event "*** Titled Tuesday Blitz"]
[Site "Chess.com"]
[Date "2021.03.02"]
[Round "6"]
[White "GCamachoMartinez"]
[Black "Grandmaster1369"]
[Result "0-1"]
[WhiteElo "2287"]
[BlackElo "2428"]
[TimeControl "180+1"]
[EndTime "11:05:39 PST"]
[Termination "Grandmaster1369 won by resignation"]

1. d4 Nf6 2. c4 e6 3. g3 Bb4+ 4. Nd2 d5 5. Nf3 O-O 6. Bg2 c5 7. dxc5 Bxc5 8. O-O b6 9. Qc2 Bb7 10. Ne5 Nbd7 11. Nxd7 Qxd7 12. a3 a5 13. Nb3 Be7 14.
cxd5 Bxd5 15. e4 Rac8 16. Qd3 Bc4 17. Qxd7 Nxd7 18. Nd2 Bxf1 19. Nxf1 Bf6 20. Rb1 Nc5 21. Be3 Rfd8 22. Nd2 Bd4 23. Nc4 Bxe3 24. Nxe3 Nb3 25. Bf1 Nd2 26. Re1 Nf3+ 0-1

[Event "*** Titled Tuesday Blitz"]
[Site "Chess.com"]
[Date "2021.03.02"]
[Round "6"]
[White "ZiggyStardust64"]
[Black "Onischuk_V"]
[Result "0-1"]
[WhiteElo "2627"]
[BlackElo "2824"]
[TimeControl "180+1"]
[EndTime "11:05:40 PST"]
[Termination "Onischuk_V won on time"]

1. c4 Nf6 2. Nc3 g6 3. e4 Bg7 4. d4 O-O 5. f3 d6 6. Be3 c6 7. Qd2 Nbd7 8. O-O-O a6 9. h4 h5 10. g4 b5 11. e5 b4 12. Nce2 Qa5 13. exf6 Nxf6 14. b3 hxg4 15. Bg2 c5 16. fxg4 Bxg4 17. Nh3 d5 18. Nf2 dxc4 19. Nxg4 Nxg4 20. Rh3 c3 21. Qc2 Nxe3 22. Rxe3 Bh6 23. Rd3 cxd4 24. Nxd4 Rad8 25. Nc6 Rxd3 26. Nxa5 Rxe3 0-1

[Event "*** Titled Tuesday Blitz"]
[Site "Chess.com"]
[Date "2021.03.02"]
[Round "6"]
[White "MillyNeuf"]
[Black "pfalcon1949"]
[Result "1-0"]
[WhiteElo "2272"]
[BlackElo "2026"]
[TimeControl "180+1"]
[EndTime "11:05:40 PST"]
[Termination "MillyNeuf won by resignation"]

1. e4 c5 2. Nc3 Nc6 3. g3 g6 4. Bg2 Bg7 5. d3 e5 6. Be3 Nge7 7. Bxc5 d6 8. Be3 Be6 9. Qd2 Qd7 10. Bh6 Bxh6 11.
Qxh6 O-O-O 12. O-O-O Kb8 13. Qd2 Rc8 14. Kb1 Nd4 15.
Nge2 Nec6 16. Rc1 Nxe2 17. Nxe2 Rc7 18. d4 Bc4 19. dxe5 Nxe5 20. Nc3 Rhc8 21. f4 Ng4 22. h3 Nh6 23. Rcd1 Rd8 24. Nd5 Bxd5 25. Qxd5 Rc5 26. Qxc5 dxc5 27. Rxd7 Rxd7 28. Kc1 Re7 29. Rd1 Kc7 30.
c3 f6 31. Kc2 Nf7 32. Rd5 b6 33. b4 cxb4 34. cxb4 Nd6 35. Kd3 f5 36. e5 Nb7 37.
Kc3 a5 38. a3 axb4+ 39. Kxb4 Nd8 40. Rd6 Rd7 41. Rxd7+ Kxd7 42. Bd5 h6 43. Kb5 Kc7 44. h4 Nb7 45. Bxb7 1-0

[Event "*** Titled Tuesday Blitz"]
[Site "Chess.com"]
[Date "2021.03.02"]
[Round "6"]
[White "Yaryi_sergey"]
[Black "Matols"]
[Result "1-0"]
[WhiteElo "2489"]
[BlackElo "2277"]
[TimeControl "180+1"]
[EndTime "11:05:43 PST"]
[Termination "Yaryi_sergey won on time"]

1. e4 e6 2. Nc3 d5 3. d3 Nf6 4. Be2 c5 5. e5 Nfd7 6. f4 Nc6 7. Nf3 Be7 8. h4 f6 9. exf6 Nxf6 10. h5 b6 11. d4 cxd4 12. Nxd4 Nxd4 13. Qxd4 Bc5 14.
Bb5+ Bd7 15. Qe5 Qe7 16. h6 g6 17. Be3 Bxe3 18. Qxe3 Bxb5 19. Nxb5 Qb4+ 20. Nc3 Ne4 21.
O-O-O Rc8 22. Nxe4 dxe4 23. Rd4 Qc5 24. Qxe4 Qf5 25.
Re1 Qxe4 26. Rdxe4 Kf7 27. Rxe6 Rhd8 28. Re7+ Kf6 29. Rxh7 Kf5 30. Rf1 a5 31. Rf7+ Kg4 32. Rf6 g5 33. Rg6 Rc5 34. Rxg5+ Rxg5 35. fxg5 Kxg5 36.
h7 Kg6 37. Rh1 1-0

[Event "*** Titled Tuesday Blitz"]
[Site "Chess.com"]
[Date "2021.03.02"]
[Round "6"]
[White "AsaHoffmann"]
[Black "Joseacorrea"]
[Result "1-0"]
[WhiteElo "2306"]
[BlackElo "2082"]
[TimeControl "180+1"]
[EndTime "11:05:45 PST"]
[Termination "AsaHoffmann won by resignation"]

1. d4 e6 2. e4 c5 3. d5 exd5 4. exd5 d6 5. Be2 Nf6 6. Nf3 g6 7. Bf4 Bg7 8. Qd2 O-O 9. Nc3 a6 10. a4 Re8 11. O-O Bg4 12. h3 Bxf3 13. Bxf3 Qc7 14. Bh6 Bh8 15. Rfe1 Nbd7 16. Bf4 Ne5 17. Bxe5 Rxe5 18. Rxe5 dxe5 19. d6 Qd7 20. Rd1 Rd8 21. Nd5 Nxd5 22. Bxd5 Bg7 23. Bc4 Bf8 24. Qd5 Bxd6 25.
Rd3 b6 26. Bxa6 Qxa4 27. Bc4 Qd7 28. Rf3 Rf8 29. Rf6 b5 30. Rxd6 1-0

[Event "*** Titled Tuesday Blitz"]
[Site "Chess.com"]
[Date "2021.03.02"]
[Round "6"]
[White "mamonika"]
[Black "Kaslask"]
[Result "0-1"]
[WhiteElo "2021"]
[BlackElo "2283"]
[TimeControl "180+1"]
[EndTime "11:05:46 PST"]
[Termination "Kaslask won on time"]

1. e4 c5 2. Nf3 e6 3. d4 cxd4 4.
Nxd4 Nc6 5. Nc3 Qc7 6. Be2 a6 7.
Be3 Nf6 8. O-O d6 9. Nxc6 bxc6 10. f4 Be7 11. Qe1 O-O 12. Qg3 e5 13. fxe5 dxe5 14.
Bg5 Ne8 15. Kh1 Bxg5 16. Qxg5 Be6 17. Rad1 f6 18. Qh4 Nd6 19. Rf3 Nb5 20. Na4 Nd4 21.
Re3 Rad8 22. Bd3 Qe7 23. Nc3 Rd7 24. Rde1 Rfd8 25. h3 Nb5 26. Nxb5 axb5 0-1

[Event "*** Titled Tuesday Blitz"]
[Site "Chess.com"]
[Date "2021.03.02"]
[Round "6"]
[White "Astaneh"]
[Black "AlexeiShirov"]
[Result "0-1"]
[WhiteElo "2634"]
[BlackElo "2827"]
[TimeControl "180+1"]
[EndTime "11:05:47 PST"]
[Termination "AlexeiShirov won by resignation"]

1. d4 d5 2. Bf4 c5 3. e4 dxe4 4. d5 Nf6 5. Nc3 g6 6. Qe2 Bg7 7. O-O-O O-O 8. f3 exf3 9. Nxf3 Bg4 10. h3 Bxf3 11. Qxf3 Nbd7 12. d6 e6 13. h4 Nh5 14.
Bg5 Bf6 15. Ne4 Bxg5+ 16. hxg5 f5 17. Bc4 fxe4 18. Bxe6+ Kh8 19. Qc3+ Ng7 20. Qg3 Nxe6 21. Rxh7+ Kxh7 22. Qh3+ Kg8 23. Qxe6+ Kg7 24. Kb1 Qe8 25. Qg4 Qf7 26. Qh3 Rh8 27. Qc3+ Kg8 28. b3 Re8 0-1

[Event "*** Titled Tuesday Blitz"]
[Site "Chess.com"]
[Date "2021.03.02"]
[Round "6"]
[White "wadsy27"]
[Black "Loy_Konstantin"]
[Result "1-0"]
[WhiteElo "2531"]
[BlackElo "2347"]
[TimeControl "180+1"]
[EndTime "11:05:47 PST"]
[Termination "wadsy27 won on time"]

1. c4 c5 2. g3 g6 3. Bg2 Bg7 4. Nc3 Nf6 5. Nf3 O-O 6. d4 cxd4 7. Nxd4 Nc6 8. O-O d6 9. Nxc6 bxc6 10. Bxc6 Rb8 11.
Bg2 Qa5 12. Qc2 Bb7 13. Bd2 Bxg2 14. Kxg2 Rfc8 15. b3 d5 16. Na4 Qa6 17. c5 Ne4 18. Bf4 e5 19. Be3 f5 20. f3 Nf6 21. Bg5 Nd7 22. Rad1 d4 23. e3 h6 24. Be7 Qe6 25. Bd6 Qxd6 26. Qc4+ Kf8 27. cxd6 Rxc4 28. bxc4 Rb4 29.
c5 Rxa4 30. c6 Nb6 31. exd4 exd4 32. Rfe1 Rxa2+ 33. Kg1 Ra5 34. d7 Bf6 35. c7 1-0

[Event "*** Titled Tuesday Blitz"]
[Site "Chess.com"]
[Date "2021.03.02"]
[Round "6"]
[White "Deepweb2020"]
[Black "IngOscarArdila"]
[Result "1-0"]
[WhiteElo "2411"]
[BlackElo "2238"]
[TimeControl "180+1"]
[EndTime "11:05:48 PST"]
[Termination "Deepweb2020 won by resignation"]

1. d4 Nf6 2. c4 g6 3. g3 Bg7 4. Nf3 O-O 5. Bg2 d6 6. O-O Nbd7 7. Nc3 e5 8. e4 exd4 9. Nxd4 Nc5 10. h3 Re8 11.
Re1 a5 12. Be3 c6 13. Qc2 Qc7 14. Rad1 Bd7 15. Bf4 Nh5 16. Be3 Rad8 17. Rd2 Nf6 18. Red1 Bc8 19. Bf4 Nh5 20. Ndb5 cxb5 21. Bxd6 Rxd6 22.
Rxd6 bxc4 23. Nb5 Qb8 24. Qxc4 b6 25. Rd8 Nf6 26. Rxe8+ Nxe8 27. Rd8 Qe5 28. Rxc8 Bf8 29. f4 Qe7 30. e5 Kg7 31. Qd4 Ne6 32. Qc3 Qd7 33. Kh2 h5 34. a4 h4 35. g4 Nxf4 36. e6+ 1-0

[Event "*** Titled Tuesday Blitz"]
[Site "Chess.com"]
[Date "2021.03.02"]
[Round "6"]
[White "HrvojeZagreb"]
[Black "woodhy"]
[Result "0-1"]
[WhiteElo "2263"]
[BlackElo "2460"]
[TimeControl "180+1"]
[EndTime "11:05:48 PST"]
[Termination "woodhy won on time"]

1. d4 Nf6 2. Bf4 c5 3. e3 cxd4 4. exd4 b6 5. Nf3 Bb7 6. Bd3 d6 7. a4 Nbd7 8. a5 g6 9. Nc3 Bg7 10. Qd2 O-O 11. Bh6 e5 12. Bxg7 Kxg7 13. Bb5 Bxf3 14.
gxf3 Qc7 15. h4 bxa5 16. h5 exd4 17. Qxd4 Ne5 18. Be2 Rfe8 19. Kf1 Qb6 20. Qd2 Qb7 21. hxg6 fxg6 22. Qh6+ Kg8 23. Qf4 Rf8 24. Bc4+ Nxc4 25. Qxc4+ Qf7 26. Qd3 Ng4 0-1

[Event "*** Titled Tuesday Blitz"]
[Site "Chess.com"]
[Date "2021.03.02"]
[Round "6"]
[White "anon102030"]
[Black "agartha01"]
[Result "1/2-1/2"]
[WhiteElo "2701"]
[BlackElo "2521"]
[TimeControl "180+1"]
[EndTime "11:05:49 PST"]
[Termination "Game drawn by repetition"]

1. e4 c5 2. Nc3 Nc6 3. g3 g6 4. Bg2 Bg7 5. d3 d6 6. Be3 e6 7.
Nf3 Nge7 8. d4 cxd4 9. Nxd4 O-O 10. O-O a6 11. Qd2 Ne5 12. b3 Ng4 13. Bg5 h6 14.
Bxe7 Qxe7 15. Rad1 Ne5 16. f4 Nc6 17. Nxc6 bxc6 18.
Na4 d5 19. c4 dxc4 20. bxc4 e5 21. Qd6 Qxd6 22. Rxd6 Be6 23. Nb6 Rab8 24. c5 exf4 25. gxf4 Rfd8 26. Rfd1 Rxd6 27. Rxd6 Bf8 28. Rxc6 Bxc5+ 29. Rxc5 Rxb6 30. a3 Rb1+ 31. Kf2 Rb2+ 32. Kg1 Rb1+ 33.
Kf2 Rb2+ 34. Kg1 Rb1+ 1/2-1/2

[Event "*** Titled Tuesday Blitz"]
[Site "Chess.com"]
[Date "2021.03.02"]
[Round "6"]
[White "campomania3"]
[Black "Romadk"]
[Result "1/2-1/2"]
[WhiteElo "2167"]
[BlackElo "2377"]
[TimeControl "180+1"]
[EndTime "11:05:49 PST"]
[Termination "Game drawn by repetition"]

1. d4 Nf6 2. c4 e6 3. Nc3 Bb4 4. f3 c5 5. d5 O-O 6. e4 d6 7. Ne2 b5 8. Nf4 bxc4 9. Bxc4 e5 10. Ne2 Ba6 11. Bxa6 Nxa6 12. O-O h6 13. Be3 Nh7 14. Ng3 Rc8 15. Nf5 c4 16. Bxa7 Qa5 17. a4 Nc5 18.
Bxc5 Bxc5+ 19. Kh1 Qb4 20. Nb5 Qxb2 21. Nbxd6 Bxd6 22. Nxd6 Rc7 23. Nb5 Rc5 24. Qc1 Qb4 25. Qc2 Ra8 26.
Rfb1 Qa5 27. Qc3 Qa6 28. Rc1 Nf6 29. h3 Nh5 30. Qxe5 g6 31. Nc7 Qb7 32. Nxa8 Qxa8 33. Qd6 Rc8 34. a5 Rd8 35. Qc7 Rc8 36. Qd6 Rd8 37. Qc7 Rc8 38. Qd6 1/2-1/2